 Dungeon Crawl Stone Soup version 0.29-a0-330-g52719c12eb (webtiles) character file.

Game seed: 11637498626721011708

386 Crownlay the Gusty (level 6, 0/44 HPs)
             Began as a Gnoll Air Elementalist on May 3, 2022.
             Killed from afar by Dowan (11 damage)
             ... with a stone arrow
             ... on level 4 of the Dungeon.
             The game lasted 00:06:53 (3259 turns).

Crownlay the Gusty (Gnoll Air Elementalist)         Turns: 3259, Time: 00:06:53

Health: 0/44       AC:  3    Str:  7    XL:     6   Next: 78%
Magic:  0/14       EV: 13    Int: 17    God:
Gold:   66         SH:  0    Dex: 12    Spells: 5/15 levels left

rFire   . . .      SeeInvis .   i - +0 hand axe
rCold   . . .      Faith    .   (no shield)
rNeg    . . .      Spirit   .   a - +0 robe
rPois   .          Reflect  .   (no helmet)
rElec   .          Harm     .   (no cloak)
rCorr   .          Rampage  .   (no gloves)
Will    .....                   o - +0 pair of boots
Stlth   +++.......              (no amulet)
HPRegen 0.14/turn               (no ring)
MPRegen 0.14/turn               (no ring)

@: no status effects
A: fangs 1, strong nose, distributed training
a: no special abilities


You were on level 4 of the Dungeon.
You visited 1 branch of the dungeon, and saw 4 of its levels.

You collected 110 gold pieces.
You spent 44 gold pieces at shops.

Inventory:

Hand Weapons
 i - a +0 hand axe (weapon)
Armour
 a - a +0 robe (worn)
 g - a +0 buckler
 o - a +0 pair of boots (worn)
Wands
 l - a wand of acid (4)
 n - a wand of iceblast (10)
Scrolls
 d - a scroll of immolation
 f - a scroll of vulnerability
 j - 2 scrolls of enchant weapon
Potions
 b - 2 potions of magic
 e - a potion of haste {unknown}
 k - a potion of brilliance {unknown}
 m - a potion of attraction {unknown}
 p - a potion of degeneration
 q - a potion of curing


   Skills:
 + Level 2.1 Fighting
 + Level 2.1 Short Blades
 + Level 2.1 Long Blades
 + Level 2.1 Axes
 + Level 2.1 Maces & Flails
 + Level 2.1 Polearms
 + Level 2.1 Staves
 + Level 2.1 Slings
 + Level 2.1 Bows
 + Level 2.1 Crossbows
 + Level 2.1 Throwing
 + Level 2.1 Armour
 + Level 5.0 Dodging
 + Level 4.7 Stealth
 + Level 2.1 Shields
 + Level 2.1 Unarmed Combat
 + Level 5.4 Spellcasting
 + Level 2.7 Conjurations
 + Level 1.6 Hexes
 + Level 1.6 Summonings
 + Level 1.6 Necromancy
 + Level 1.6 Translocations
 + Level 1.6 Transmutations
 + Level 1.6 Fire Magic
 + Level 1.6 Ice Magic
 + Level 5.7 Air Magic
 + Level 1.6 Earth Magic
 + Level 1.6 Poison Magic
 + Level 2.3 Invocations
 + Level 2.1 Evocations


You had 5 spell levels left.
You knew the following spells:

 Your Spells              Type           Power      Damage    Failure   Level
a - Shock                 Conj/Air       76%        1d7       2%          1
b - Static Discharge      Conj/Air       19%        N/A       3%          2
c - Swiftness             Air            24%        N/A       3%          3
d - Airstrike             Air            12%        N/A       13%         4

Your spell library contained the following spells:

 Spells                   Type           Power      Damage    Failure   Level
 Chain Lightning          Conj/Air       9%         3d12      100%        9
 Fire Storm               Conj/Fire      6%         8d2       100%        9
 Shatter                  Erth           5%         3d8*      100%        9


Dungeon Overview and Level Annotations

Branches:
Dungeon (4/15)
 Temple: D:4-7

Altars:

Shops:
D:1 :   D:3 *

Annotations:
D:4 Dowan


Innate Abilities, Weirdness & Mutations

You have very sharp teeth.
Your uncanny sense of smell can sniff out nearby items.
Your experience applies equally to all skills.


Message History

Casting: Static Discharge (safe; 3% risk of failure)
Confirm with . or Enter, or press ? or * to list all spells.
Duvessa is struck by an arc of lightning.
Duvessa is almost dead.
The lightning grounds out.
Dowan gestures at you while chanting. The puff of flame misses you.
Duvessa hits you with a +0 short sword!
* * * LOW HITPOINT WARNING * * *
Casting: Static Discharge (safe; 3% risk of failure)
Confirm with . or Enter, or press ? or * to list all spells.
Duvessa is struck by an arc of lightning.
You kill Duvessa!
Dowan screams, "No!
No!"
Dowan seems to find hidden reserves of power!
The lightning grounds out.
Your Fighting skill increases to level 2!
Your Short Blades skill increases to level 2!
Your Long Blades skill increases to level 2!
Your Axes skill increases to level 2!
Your Maces & Flails skill increases to level 2!
Your Polearms skill increases to level 2!
Your Staves skill increases to level 2!
Your Slings skill increases to level 2!
Your Bows skill increases to level 2!
Your Crossbows skill increases to level 2!
Your Throwing skill increases to level 2!
Your Armour skill increases to level 2!
Your Dodging skill increases to level 5!
Your Shields skill increases to level 2!
Your Unarmed Combat skill increases to level 2!
Your Evocations skill increases to level 2!
Casting: Static Discharge (safe; 3% risk of failure)
Confirm with . or Enter, or press ? or * to list all spells.
Aiming: Shock (safe; 2% risk of failure)
Press: ? - help, Shift-Dir - straight line, f/p - Dowan
Aim: Dowan, wielding a +0 dagger of venom and wearing a +0 robe (lightly wounded, fast, 60% to hit)
The zap hits Dowan but does no damage.
Dowan is lightly wounded.
Dowan casts a spell at you. The stone arrow hits you!
You die...

#.........##
#..........#
#..........#
#..........#
#.........##
#.........#
######........#
#.............#
#.#.#@........#
#....)###.....#
##...## ##...##
#e#. ..## #.(..
.## ......
###.#.# ..


You could see Dowan (fast).

Vanquished Creatures
  Duvessa (D:4)
  An orc priest (D:3)
  4 orc wizards (D:3)
  8 gnolls
  An adder (D:3)
  An ufetubus (D:3)
  A worm (D:3)
  2 dart slugs
  5 orcs (D:3)
  4 ball pythons
  An endoplasm (D:1)
  4 giant cockroaches
  6 goblins
  3 hobgoblins
  8 kobolds
  A quokka (D:1)
  2 bats
  2 frilled lizards
  4 rats
  A spectral goblin (D:2)
60 creatures vanquished.

Notes
Turn   | Place    | Note
-------+----------+-------------------------------------------
     0 | D:1      | Crownlay the Gnoll Air Elementalist began the quest for the
                  | Orb.
     0 | D:1      | Reached XP level 1. HP: 13/13 MP: 6/6
    78 | D:1      | Found Tupnuics's Book Shop.
   341 | D:1      | Reached XP level 2. HP: 14/20 MP: 2/7
  1090 | D:2      | Found a faded altar of an unknown god.
  1161 | D:2      | Reached XP level 3. HP: 25/25 MP: 6/9
  1164 | D:2      | Learned a level 2 spell: Static Discharge
  1168 | D:2      | Learned a level 3 spell: Swiftness
  1338 | D:2      | Reached skill level 5 in Spellcasting
  1513 | D:2      | Reached skill level 1 in Invocations
  1585 | D:2      | Reached skill level 1 in Fighting
  1585 | D:2      | Reached skill level 1 in Short Blades
  1585 | D:2      | Reached skill level 1 in Long Blades
  1585 | D:2      | Reached skill level 1 in Axes
  1585 | D:2      | Reached skill level 1 in Maces & Flails
  1585 | D:2      | Reached skill level 1 in Polearms
  1585 | D:2      | Reached skill level 1 in Staves
  1585 | D:2      | Reached skill level 1 in Slings
  1585 | D:2      | Reached skill level 1 in Bows
  1585 | D:2      | Reached skill level 1 in Crossbows
  1585 | D:2      | Reached skill level 1 in Throwing
  1585 | D:2      | Reached skill level 1 in Armour
  1585 | D:2      | Reached skill level 1 in Shields
  1585 | D:2      | Reached skill level 1 in Unarmed Combat
  1585 | D:2      | Reached skill level 1 in Evocations
  1585 | D:2      | Reached XP level 4. HP: 16/32 MP: 1/11
  2193 | D:3      | Reached skill level 1 in Hexes
  2193 | D:3      | Reached skill level 1 in Summonings
  2193 | D:3      | Reached skill level 1 in Necromancy
  2193 | D:3      | Reached skill level 1 in Translocations
  2193 | D:3      | Reached skill level 1 in Transmutations
  2193 | D:3      | Reached skill level 1 in Fire Magic
  2193 | D:3      | Reached skill level 1 in Ice Magic
  2193 | D:3      | Reached skill level 1 in Earth Magic
  2193 | D:3      | Reached skill level 1 in Poison Magic
  2205 | D:3      | Reached XP level 5. HP: 20/37 MP: 1/12
  2634 | D:3      | Found Viahal's General Store.
  2644 | D:3      | Bought a potion of degeneration for 11 gold pieces
  2644 | D:3      | Bought a potion of curing for 33 gold pieces
  2690 | D:3      | Reached XP level 6. HP: 36/44 MP: 6/13
  2875 | D:3      | Learned a level 4 spell: Airstrike
  3248 | D:4      | Noticed Duvessa
  3248 | D:4      | Noticed Dowan
  3258 | D:4      | Killed Duvessa
  3259 | D:4      | Reached skill level 5 in Dodging
  3259 | D:4      | Killed from afar by Dowan

Illustrated notes

Levels and vault maps discovered:
D:1:      dpeg_arrival_concentric_ovals, layout_rooms, serial_shops, shop_statue
D:2:      layout_basic, dreamdust_ecumenical_altar_drowned_temple
D:3:      layout_rooms, serial_shops,
          nicolae_shop_temple_entry_statues_fountains
D:4:      layout_cave_pods, portal_sewer_entry_d, minmay_misc_feat_five,
          uniq_duvessa, uniq_eustachio

Skill      XL: |  1  2  3  4  5  6 |
---------------+-------------------+-----
Conjurations   | 2 |  2.7
Spellcasting   | 5 |  5.4
Invocations    | 1 2 |  2.3
Fighting       | 1 2 |  2.1
Short Blades   | 1 2 |  2.1
Long Blades    | 1 2 |  2.1
Axes           | 1 2 |  2.1
Maces & Flails | 1 2 |  2.1
Polearms       | 1 2 |  2.1
Staves         | 1 2 |  2.1
Slings         | 1 2 |  2.1
Bows           | 1 2 |  2.1
Crossbows      | 1 2 |  2.1
Throwing       | 1 2 |  2.1
Armour         | 1 2 |  2.1
Shields        | 1 2 |  2.1
Unarmed Combat | 1 2 |  2.1
Evocations     | 1 2 |  2.1
Hexes          | 1 |  1.6
Summonings     | 1 |  1.6
Necromancy     | 1 |  1.6
Translocations | 1 |  1.6
Transmutations | 1 |  1.6
Fire Magic     | 1 |  1.6
Ice Magic      | 1 |  1.6
Earth Magic    | 1 |  1.6
Poison Magic   | 1 |  1.6
Dodging        | 5 |  5.0
Stealth        | |  4.7
Air Magic      | |  5.7

Action                   |  1- 3 |  4- 6 || total
-------------------------+-------+-------++-------
Melee: Unarmed           |     2 |       ||     2
       Hand axe          |       |    13 ||    13
       Bite              |       |     6 ||     6
 Cast: Shock             |    57 |    62 ||   119
       Static Discharge  |     5 |     9 ||    14
  Use: Scroll            |       |     4 ||     4
Armor: Robe              |       |     1 ||     1
Dodge: Dodged            |     9 |    11 ||    20
Block: Buckler           |       |     6 ||     6

Table legend: (Time is in decaauts)
 A = Elapsed time spent in this place.
 B = Non-inter-level travel time spent in this place.
 C = Inter-level travel time spent in this place.
 D = Time resting spent in this place.
 E = Time spent auto-exploring this place.
 F = Levels seen in this place.
 G = Mean time per level.
                   A        B        C        D        E       F      G
               +--------+--------+--------+--------+--------+-----+--------+
         Total |   3263 |   3114 |    149 |      0 |   2660 |   4 |  815.8 |
       Dungeon |   3263 |   3114 |    149 |      0 |   2660 |   4 |  815.8 |
               +--------+--------+--------+--------+--------+-----+--------+

Top non-repeatable levels by time:
     D:3: 1328 daAuts
     D:2: 1148 daAuts
     D:1: 753 daAuts
     D:4: 33 daAuts
